[Event "GER-chT Youth Countries 2020"]
[Site "Berlin"]
[Date "2020.09.30"]
[Round "1"]
[White "Roseneck, Jonas"]
[Black "Richter, Nils"]
[Result "1-0"]
[ECO "B12"]
[WhiteElo "2417"]
[BlackElo "2307"]
[Annotator "ChessBase"]
[PlyCount "34"]
[EventDate "2020.09.30"]
[EventType "team-tourn"]
[EventRounds "7"]
[EventCountry "GER"]
[SourceTitle "playchess.com"]
[Source "ChessBase"]
[SourceQuality "1"]
[WhiteTeam "Sachsen-Anhalt"]
[BlackTeam "Württemberg"]
[TimeControl "30/5400+30:0"]

1. e4 c6 2. d4 d5 3. e5 Bf5 4. h4 h5 5. Bd3 Bxd3 6. Qxd3 e6 7. Bg5 Qb6 8. Nd2 c5 9. c4 Qxb2 10. Rd1 Nc6 11. Ngf3 Nb4 12. Qe2 cxd4 13. O-O d3 14. Qe3 Qa3 15. Rb1 Nh6 16. Bxh6 Rxh6 17. Rb3 Qa6 1-0

[Event "GER-chT Youth Countries 2020"]
[Site "Berlin"]
[Date "2020.09.30"]
[Round "1"]
[White "Schmider, Niklas"]
[Black "Schneider, Jana"]
[Result "1-0"]
[ECO "B90"]
[WhiteElo "2291"]
[BlackElo "2270"]
[Annotator "ChessBase"]
[PlyCount "28"]
[EventDate "2020.09.30"]
[EventType "team-tourn"]
[EventRounds "7"]
[EventCountry "GER"]
[SourceTitle "playchess.com"]
[Source "ChessBase"]
[SourceQuality "1"]
[WhiteTeam "Baden"]
[BlackTeam "Bayern"]
[TimeControl "30/5400+30:0"]

1. e4 c5 2. Nf3 d6 3. d4 cxd4 4. Nxd4 Nf6 5. Nc3 a6 6. h4 e5 7. Nb3 b5 8. Bg5 Be7 9. Bxf6 Bxf6 10. Qd3 Bxh4 11. g3 Bg5 12. Rd1 Be7 13. Nd5 Be6 14. Nxe7 Kxe7 1-0

[Event "GER-chT Youth Countries 2020"]
[Site "Berlin"]
[Date "2020.09.30"]
[Round "1"]
[White "Kölle, Tobias"]
[Black "Pallas, Sebastian"]
[Result "1/2-1/2"]
[ECO "D85"]
[WhiteElo "2275"]
[BlackElo "2315"]
[Annotator "ChessBase"]
[PlyCount "24"]
[EventDate "2020.09.30"]
[EventType "team-tourn"]
[EventRounds "7"]
[EventCountry "GER"]
[SourceTitle "playchess.com"]
[Source "ChessBase"]
[SourceQuality "1"]
[WhiteTeam "Württemberg"]
[BlackTeam "Sachsen-Anhalt"]
[TimeControl "30/5400+30:0"]

1. d4 Nf6 2. c4 g6 3. Nc3 d5 4. cxd5 Nxd5 5. e4 Nxc3 6. bxc3 Bg7 7. Nf3 O-O 8. Be3 c5 9. Qd2 Qa5 10. Rc1 cxd4 11. cxd4 Qxd2+ 12. Kxd2 Rd8 1/2-1/2

[Event "GER-chT Youth Countries 2020"]
[Site "Berlin"]
[Date "2020.09.30"]
[Round "1"]
[White "Knüdel, Torben"]
[Black "Popvasilev, Kaloyan"]
[Result "1/2-1/2"]
[ECO "D11"]
[WhiteElo "2211"]
[BlackElo "2145"]
[Annotator "ChessBase"]
[PlyCount "99"]
[EventDate "2020.09.30"]
[EventType "team-tourn"]
[EventRounds "7"]
[EventCountry "GER"]
[SourceTitle "playchess.com"]
[Source "ChessBase"]
[SourceQuality "1"]
[WhiteTeam "Niedersachsen"]
[BlackTeam "Schleswig-Holstein"]
[TimeControl "30/5400+30:0"]

1. d4 d5 2. c4 c6 3. Nf3 e6 4. e3 f5 5. Bd3 Bd6 6. O-O Nf6 7. b3 Qe7 8. Bb2 O-O 9. Nc3 Nbd7 10. Rc1 Ne4 11. Ne2 Ndf6 12. Ne5 Bd7 13. f3 Ng5 14. Ng3 c5 15. Qd2 Nf7 16. Nxd7 Qxd7 17. cxd5 Bxg3 18. hxg3 exd5 19. dxc5 Qe6 20. Rfe1 Ne5 21. Bb1 Nh5 22. Qd4 Nc6 23. Qh4 Qh6 24. g4 fxg4 25. Qxg4 Rae8 26. Bd4 Nxd4 27. Qxd4 Kh8 28. Kf2 Nf6 29. Rh1 Qg5 30. Rce1 h6 31. Kg1 Qg3 32. Qh4 Qe5 33. Qf2 d4 34. e4 Qxc5 35. Rh4 Qg5 36. Rh3 Qc5 37. Rh4 Qe5 38. Rd1 Rd8 39. f4 Qc5 40. e5 Nd5 41. Qxd4 Qxd4+ 42. Rxd4 Ne7 43. Rxd8 Rxd8 44. Kf2 Rd1 45. Be4 Rd2+ 46. Ke3 Rxa2 47. f5 Ng8 48. Bxb7 Rb2 49. Rb4 a5 50. Rb5 1/2-1/2

[Event "GER-chT Youth Countries 2020"]
[Site "Berlin"]
[Date "2020.09.30"]
[Round "1"]
[White "Payyappat, Sreyas"]
[Black "Farokhi, Keyvan"]
[Result "1/2-1/2"]
[ECO "B23"]
[WhiteElo "2163"]
[BlackElo "2001"]
[Annotator "ChessBase"]
[PlyCount "70"]
[EventDate "2020.09.30"]
[EventType "team-tourn"]
[EventRounds "7"]
[EventCountry "GER"]
[SourceTitle "playchess.com"]
[Source "ChessBase"]
[SourceQuality "1"]
[WhiteTeam "Niedersachsen"]
[BlackTeam "Schleswig-Holstein"]
[TimeControl "30/5400+30:0"]

1. e4 c5 2. Nc3 e6 3. Nf3 a6 4. g3 Nc6 5. Bg2 Qc7 6. O-O b5 7. d3 Bb7 8. Ng5 h6 9. Nh3 Nf6 10. f4 Be7 11. Be3 O-O 12. g4 Nh7 13. g5 hxg5 14. fxg5 Ne5 15. Qh5 Ng6 16. Rf3 Qe5 17. Rg3 Nf6 18. Qe2 Nh7 19. Rd1 Rac8 20. Rf1 Ba8 21. Kh1 d5 22. Bc1 b4 23. Nd1 dxe4 24. dxe4 Bc6 25. c4 Bd6 26. b3 Bb8 27. Bb2 Qc7 28. Qh5 Qe7 29. Nf4 Bxf4 30. Rh3 Nxg5 31. Rxf4 Nxh3 32. Rf3 Nhf4 33. Qg4 e5 34. Rg3 Qd7 35. Qf3 Bxe4 1/2-1/2

[Event "GER-chT Youth Countries 2020"]
[Site "Berlin"]
[Date "2020.09.30"]
[Round "1"]
[White "Deuer, Marius"]
[Black "Pikalow, Michael"]
[Result "1-0"]
[ECO "B33"]
[WhiteElo "2161"]
[BlackElo "2021"]
[Annotator "ChessBase"]
[PlyCount "32"]
[EventDate "2020.09.30"]
[EventType "team-tourn"]
[EventRounds "7"]
[EventCountry "GER"]
[SourceTitle "playchess.com"]
[Source "ChessBase"]
[SourceQuality "1"]
[WhiteTeam "Württemberg"]
[BlackTeam "Sachsen-Anhalt"]
[TimeControl "30/5400+30:0"]

1. e4 c5 2. Nf3 Nc6 3. d4 cxd4 4. Nxd4 Nf6 5. Nc3 e5 6. Ndb5 d6 7. Bg5 a6 8. Na3 b5 9. Nd5 Be7 10. Bxf6 Bxf6 11. c3 O-O 12. Nc2 Bg5 13. h4 Bh6 14. Nce3 Ne7 15. Nxe7+ Qxe7 16. Nd5 Qd8 1-0

[Event "GER-chT Youth Countries 2020"]
[Site "Berlin"]
[Date "2020.09.30"]
[Round "1"]
[White "Khachatryan, Taron"]
[Black "Stelmaszyk, Nico"]
[Result "0-1"]
[ECO "C55"]
[WhiteElo "2136"]
[BlackElo "2301"]
[Annotator "ChessBase"]
[PlyCount "95"]
[EventDate "2020.09.30"]
[EventType "team-tourn"]
[EventRounds "7"]
[EventCountry "GER"]
[SourceTitle "playchess.com"]
[Source "ChessBase"]
[SourceQuality "1"]
[WhiteTeam "Schleswig-Holstein"]
[BlackTeam "Niedersachsen"]
[TimeControl "30/5400+30:0"]

1. e4 e5 2. Nf3 Nc6 3. Bc4 Nf6 4. d3 Be7 5. O-O O-O 6. Re1 d6 7. a4 h6 8. a5 a6 9. c3 Nh7 10. d4 Bg4 11. d5 Nb8 12. h3 Bh5 13. Be2 Bg6 14. Bd3 Ng5 15. c4 c5 16. Nc3 Nxf3+ 17. Qxf3 Bg5 18. Ne2 Nd7 19. Ng3 Qf6 20. Qg4 Rfd8 21. Bc2 Rab8 22. Ra3 Bxc1 23. Rxc1 Qg5 24. Qxg5 hxg5 25. Rb1 Rdc8 26. Bd1 Rc7 27. Bg4 Nf6 28. f3 b5 29. axb6 Rxb6 30. b3 Ne8 31. Rba1 Ra7 32. Bf5 Bxf5 33. Nxf5 g6 34. Ne3 Nc7 35. Nd1 Rab7 36. Rb1 Rb4 37. Kf1 Rxc4 38. Ne3 Rcb4 39. Nc2 R4b5 40. Ne3 Kf8 41. Nc4 Ke7 42. Na5 R7b6 43. Ke2 Kd7 44. Kd3 Rb4 45. Nc6 c4+ 46. Kc2 cxb3+ 47. Rbxb3 R4b5 48. Na7 0-1

[Event "GER-chT Youth Countries 2020"]
[Site "Berlin"]
[Date "2020.09.30"]
[Round "1"]
[White "Müdder, Melanie"]
[Black "Halabi, Ibrahim"]
[Result "0-1"]
[ECO "B90"]
[WhiteElo "2039"]
[BlackElo "1895"]
[Annotator "ChessBase"]
[PlyCount "20"]
[EventDate "2020.09.30"]
[EventType "team-tourn"]
[EventRounds "7"]
[EventCountry "GER"]
[SourceTitle "playchess.com"]
[Source "ChessBase"]
[SourceQuality "1"]
[WhiteTeam "Nordrhein-Westfalen"]
[BlackTeam "Rheinland-Pfalz"]
[TimeControl "30/5400+30:0"]

1. e4 c5 2. Nf3 d6 3. d4 cxd4 4. Nxd4 Nf6 5. Nc3 a6 6. h3 e5 7. Nb3 h5 8. Bg5 Be6 9. f4 exf4 10. Qd2 Nc6 0-1

[Event "GER-chT Youth Countries 2020"]
[Site "Berlin"]
[Date "2020.09.30"]
[Round "1"]
[White "Mönster, Madita"]
[Black "Sommer, Justus"]
[Result "1-0"]
[ECO "A40"]
[WhiteElo "1918"]
[BlackElo "1845"]
[Annotator "ChessBase"]
[PlyCount "99"]
[EventDate "2020.09.30"]
[EventType "team-tourn"]
[EventRounds "7"]
[EventCountry "GER"]
[SourceTitle "playchess.com"]
[Source "ChessBase"]
[SourceQuality "1"]
[WhiteTeam "Niedersachsen"]
[BlackTeam "Schleswig-Holstein"]
[TimeControl "30/5400+30:0"]

1. d4 e6 2. Bf4 d5 3. e3 Nf6 4. Nd2 c5 5. c3 Bd6 6. Bg3 Nc6 7. Ngf3 O-O 8. Bd3 b6 9. dxc5 bxc5 10. e4 Qc7 11. Qe2 Nd7 12. O-O Nce5 13. Nxe5 Nxe5 14. Rfe1 Bb7 15. Bxe5 Bxe5 16. exd5 Bxh2+ 17. Kh1 Bd6 18. dxe6 Rae8 19. exf7+ Qxf7 20. Bc4 Bd5 21. Bxd5 Qxd5 22. Qc4 Qxc4 23. Nxc4 Bc7 24. Kg1 Kf7 25. Kf1 Re6 26. Rad1 Rxe1+ 27. Kxe1 Ke6 28. Ke2 Rd8 29. Rxd8 Bxd8 30. Kd3 h6 31. Ne3 Bh4 32. g3 Be7 33. f4 a6 34. Ke4 Bd6 35. g4 g6 36. Nc4 Bc7 37. a4 Bb8 38. Ne3 h5 39. gxh5 gxh5 40. Nf5 Kf6 41. b4 cxb4 42. cxb4 Bc7 43. b5 axb5 44. axb5 Bb6 45. Nh4 Bc7 46. Nf5 Bd8 47. Ne3 Ke6 48. Nc4 h4 49. b6 h3 50. Kf3 1-0

[Event "GER-chT Youth Countries 2020"]
[Site "Berlin"]
[Date "2020.09.30"]
[Round "1"]
[White "Dietz, Kristin"]
[Black "Schwartz, Oliver"]
[Result "0-1"]
[ECO "C60"]
[WhiteElo "1913"]
[BlackElo "1794"]
[Annotator "ChessBase"]
[PlyCount "23"]
[EventDate "2020.09.30"]
[EventType "team-tourn"]
[EventRounds "7"]
[EventCountry "GER"]
[SourceTitle "playchess.com"]
[Source "ChessBase"]
[SourceQuality "1"]
[WhiteTeam "Sachsen-Anhalt"]
[BlackTeam "Württemberg"]
[TimeControl "30/5400+30:0"]

1. e4 e5 2. Nf3 Nc6 3. Bb5 Nge7 4. O-O g6 5. c3 Bg7 6. Re1 O-O 7. d3 d6 8. Be3 Bd7 9. Ba4 f5 10. Bb3+ Kh8 11. Ng5 Qe8 12. Be6 0-1

[Event "GER-chT Youth Countries 2020"]
[Site "Berlin"]
[Date "2020.09.30"]
[Round "1"]
[White "Ley, Sabrina"]
[Black "Bashylina, Luisa"]
[Result "1/2-1/2"]
[ECO "A50"]
[WhiteElo "1871"]
[BlackElo "2005"]
[Annotator "ChessBase"]
[PlyCount "26"]
[EventDate "2020.09.30"]
[EventType "team-tourn"]
[EventRounds "7"]
[EventCountry "GER"]
[SourceTitle "playchess.com"]
[Source "ChessBase"]
[SourceQuality "1"]
[WhiteTeam "Rheinland-Pfalz"]
[BlackTeam "Nordrhein-Westfalen"]
[TimeControl "30/5400+30:0"]

1. d4 Nf6 2. c4 g6 3. f3 Bg7 4. e4 d6 5. Be3 O-O 6. Ne2 c5 7. d5 e6 8. Nec3 exd5 9. cxd5 a6 10. a4 Nbd7 11. Na3 Ne5 12. Qd2 Re8 13. Be2 Qc7 1/2-1/2

[Event "GER-chT Youth Countries 2020"]
[Site "Berlin"]
[Date "2020.09.30"]
[Round "1"]
[White "Mundt, Alexandra"]
[Black "Hommer, Jeremy"]
[Result "0-1"]
[ECO "D46"]
[WhiteElo "1786"]
[BlackElo "2246"]
[Annotator "ChessBase"]
[PlyCount "60"]
[EventDate "2020.09.30"]
[EventType "team-tourn"]
[EventRounds "7"]
[EventCountry "GER"]
[SourceTitle "playchess.com"]
[Source "ChessBase"]
[SourceQuality "1"]
[WhiteTeam "Schleswig-Holstein"]
[BlackTeam "Niedersachsen"]
[TimeControl "30/5400+30:0"]

1. d4 d5 2. c4 c6 3. e3 Nf6 4. Nf3 e6 5. Nc3 Nbd7 6. Bd3 Bd6 7. O-O O-O 8. Qe2 Qe7 9. Rd1 dxc4 10. Bxc4 e5 11. d5 e4 12. Ne1 Ne5 13. h3 b5 14. Bb3 b4 15. Na4 cxd5 16. Bxd5 Nxd5 17. Rxd5 Be6 18. Rd4 f5 19. f4 exf3 20. Nxf3 Nxf3+ 21. Qxf3 Be5 22. Rd1 Rac8 23. e4 Qe8 24. exf5 Qxa4 25. Qe2 Bf7 26. Bg5 Rfe8 27. Qf2 Qc2 28. Rd2 Qc1+ 29. Rxc1 Rxc1+ 30. Qf1 Bh2+ 0-1

[Event "GER-chT Youth Countries 2020"]
[Site "Berlin"]
[Date "2020.09.30"]
[Round "1"]
[White "Bräutigam, Katerina"]
[Black "Brunner, Sophia"]
[Result "0-1"]
[ECO "A48"]
[WhiteElo "1744"]
[BlackElo "1850"]
[Annotator "NA"]
[PlyCount "20"]
[EventDate "2020.09.30"]
[EventType "team-tourn"]
[EventRounds "7"]
[EventCountry "GER"]
[SourceTitle "playchess.com"]
[Source "ChessBase"]
[SourceQuality "1"]
[WhiteTeam "Schleswig-Holstein"]
[BlackTeam "Niedersachsen"]
[TimeControl "30/5400+30:0"]

1. d4 Nf6 2. Nf3 g6 3. e3 Bg7 4. Bd3 d5 5. c3 O-O 6. Nbd2 c5 7. Ne5 Qc7 8. O-O b6 9. Qe2 Bb7 10. f4 e6 0-1

[Event "GER-chT Youth Countries 2020"]
[Site "Berlin"]
[Date "2020.09.30"]
[Round "1"]
[White "Schreidl, Michael"]
[Black "Besou, Hussain"]
[Result "0-1"]
[ECO "B32"]
[WhiteElo "1640"]
[BlackElo "1825"]
[Annotator "NA"]
[PlyCount "28"]
[EventDate "2020.09.30"]
[EventType "team-tourn"]
[EventRounds "7"]
[EventCountry "GER"]
[SourceTitle "playchess.com"]
[Source "ChessBase"]
[SourceQuality "1"]
[WhiteTeam "Rheinland-Pfalz"]
[BlackTeam "Nordrhein-Westfalen"]
[TimeControl "30/5400+30:0"]

1. e4 c5 2. Nf3 Nc6 3. d4 cxd4 4. Nxd4 e5 5. Nb5 Nf6 6. N1c3 d6 7. Bg5 a6 8. Na3 h6 9. Be3 Ng4 10. Nd5 Nxe3 11. Nxe3 Be7 12. Nd5 b5 13. c3 O-O 14. Be2 f5 0-1

[Event "GER-chT Youth Countries 2020"]
[Site "Berlin"]
[Date "2020.09.30"]
[Round "1"]
[White "Wilmink, Anna"]
[Black "Margaryan, Susanna"]
[Result "1-0"]
[ECO "C55"]
[WhiteElo "1608"]
[BlackElo "1450"]
[Annotator "NA"]
[PlyCount "22"]
[EventDate "2020.09.30"]
[EventType "team-tourn"]
[EventRounds "7"]
[EventCountry "GER"]
[SourceTitle "playchess.com"]
[Source "ChessBase"]
[SourceQuality "1"]
[WhiteTeam "Niedersachsen"]
[BlackTeam "Schleswig-Holstein"]
[TimeControl "30/5400+30:0"]

1. e4 e5 2. Nf3 Nc6 3. Bc4 Nf6 4. d3 Be7 5. c3 O-O 6. O-O d6 7. Bb3 Be6 8. Bc2 d5 9. Nbd2 Bc5 10. b4 Bb6 11. a4 a6 1-0

[Event "GER-chT Youth Countries 2020"]
[Site "Berlin"]
[Date "2020.09.30"]
[Round "1"]
[White "Trunz, Tamila"]
[Black "Richter, Johanna"]
[Result "1-0"]
[ECO "B23"]
[WhiteElo "1379"]
[BlackElo "1107"]
[Annotator "NA"]
[PlyCount "25"]
[EventDate "2020.09.30"]
[EventType "team-tourn"]
[EventRounds "7"]
[EventCountry "GER"]
[SourceTitle "playchess.com"]
[Source "ChessBase"]
[SourceQuality "1"]
[WhiteTeam "Nordrhein-Westfalen"]
[BlackTeam "Rheinland-Pfalz"]
[TimeControl "30/5400+30:0"]

1. e4 c5 2. Nc3 Nc6 3. f4 g6 4. Nf3 Bg7 5. Bb5 Nd4 6. Nxd4 cxd4 7. Ne2 e6 8. O-O Ne7 9. d3 O-O 10. Ng3 d5 11. Qf3 dxe4 12. Nxe4 f5 13. Ng5 1-0

[Event "GER-chT Youth Countries 2020"]
[Site "Berlin"]
[Date "2020.09.30"]
[Round "2"]
[White "Krastev, Alexander"]
[Black "Matthes, Aaron"]
[Result "1-0"]
[ECO "C24"]
[WhiteElo "2340"]
[BlackElo "2198"]
[Annotator "ChessBase"]
[PlyCount "123"]
[EventDate "2020.09.30"]
[EventType "team-tourn"]
[EventRounds "7"]
[EventCountry "GER"]
[SourceTitle "playchess.com"]
[Source "ChessBase"]
[SourceQuality "1"]
[WhiteTeam "Nordrhein-Westfalen"]
[BlackTeam "Brandenburg"]
[WhiteTeamCountry "GER"]
[BlackTeamCountry "GER"]
[TimeControl "30/5400+30:0"]

1. e4 e5 2. Bc4 Nf6 3. d3 Bc5 4. Nc3 d6 5. f4 Bg4 6. Nf3 exf4 7. Bxf4 Nc6 8. Qd2 Qd7 9. O-O-O O-O-O 10. Bb5 Bb4 11. a3 Ba5 12. b4 Bb6 13. Nd5 Bxf3 14. gxf3 Qh3 15. Bxc6 bxc6 16. Nxf6 gxf6 17. Qc3 Qh4 18. Bg3 Qh6+ 19. Kb1 Kb7 20. d4 f5 21. Qd2 Qxd2 22. Rxd2 fxe4 23. fxe4 Rhe8 24. Re1 f5 25. e5 dxe5 26. Rxe5 Rxe5 27. Bxe5 c5 28. bxc5 Bxc5 29. Rf2 Bxd4 30. Rd2 Bxe5 31. Rxd8 Bxh2 32. Rh8 f4 33. Rxh7 Bg1 34. Rf7 Be3 35. Kb2 Kb6 36. Kb3 Kc6 37. Kc4 Kd6 38. Kd3 Kc6 39. Kc4 Kd6 40. a4 Kc6 41. Rf6+ Kb7 42. Kb5 a6+ 43. Kc4 Bd2 44. Kd5 Be3 45. Ke6 Kb6 46. Kd5+ Ka5 47. Kc4 Bd2 48. Kb3 Be3 49. c3 Bd2 50. Rc6 Be3 51. Rxc7 f3 52. Rf7 f2 53. Rf5+ Kb6 54. Kc4 Kc6 55. Rf6+ Kc7 56. Kd5 Kd7 57. Rf7+ Ke8 58. Ke6 Bc5 59. c4 Be3 60. Rf5 Kd8 61. Kd6 Kc8 62. c5 1-0

[Event "GER-chT Youth Countries 2020"]
[Site "Berlin"]
[Date "2020.09.30"]
[Round "2"]
[White "Faerber, David"]
[Black "Roseneck, Jonas"]
[Result "0-1"]
[ECO "B51"]
[WhiteElo "2321"]
[BlackElo "2417"]
[Annotator "ChessBase"]
[PlyCount "52"]
[EventDate "2020.09.30"]
[EventType "team-tourn"]
[EventRounds "7"]
[EventCountry "GER"]
[SourceTitle "playchess.com"]
[Source "ChessBase"]
[SourceQuality "1"]
[WhiteTeam "Baden"]
[BlackTeam "Sachsen-Anhalt"]
[BlackTeamCountry "GER"]
[TimeControl "30/5400+30:0"]

1. e4 c5 2. Nf3 d6 3. Bb5+ Nd7 4. d4 cxd4 5. Qxd4 a6 6. Bxd7+ Bxd7 7. Nc3 e5 8. Qd3 h6 9. O-O Nf6 10. Nd2 b5 11. a4 b4 12. Nd5 Nxd5 13. exd5 Be7 14. Nc4 O-O 15. f4 Bf6 16. Be3 Qc7 17. fxe5 Bxe5 18. Bd4 Rac8 19. b3 Rfe8 20. Rfe1 Bf5 21. Qd2 Bxd4+ 22. Qxd4 Bxc2 23. Qf4 Rxe1+ 24. Rxe1 Bxb3 25. Nxd6 Rd8 26. Qxb4 Rb8 0-1

[Event "GER-chT Youth Countries 2020"]
[Site "Berlin"]
[Date "2020.09.30"]
[Round "2"]
[White "Pallas, Sebastian"]
[Black "Schmider, Niklas"]
[Result "0-1"]
[ECO "B94"]
[WhiteElo "2315"]
[BlackElo "2291"]
[Annotator "ChessBase"]
[PlyCount "27"]
[EventDate "2020.09.30"]
[EventType "team-tourn"]
[EventRounds "7"]
[EventCountry "GER"]
[SourceTitle "playchess.com"]
[Source "ChessBase"]
[SourceQuality "1"]
[WhiteTeam "Sachsen-Anhalt"]
[BlackTeam "Baden"]
[WhiteTeamCountry "GER"]
[BlackTeamCountry "GER"]
[TimeControl "30/5400+30:0"]

1. e4 c5 2. Nf3 d6 3. d4 cxd4 4. Nxd4 Nf6 5. Nc3 a6 6. Bg5 Nbd7 7. Qe2 h6 8. Bh4 g6 9. f4 e5 10. fxe5 dxe5 11. Nb3 b5 12. Nd5 Nxd5 13. exd5 Bd6 14. Qd2 0-1

[Event "GER-chT Youth Countries 2020"]
[Site "Berlin"]
[Date "2020.09.30"]
[Round "2"]
[White "Richter, Nils"]
[Black "Goldbeck, Lars"]
[Result "1-0"]
[ECO "A16"]
[WhiteElo "2307"]
[BlackElo "2273"]
[Annotator "ChessBase"]
[PlyCount "36"]
[EventDate "2020.09.30"]
[EventType "team-tourn"]
[EventRounds "7"]
[EventCountry "GER"]
[SourceTitle "playchess.com"]
[Source "ChessBase"]
[SourceQuality "1"]
[WhiteTeam "Württemberg"]
[BlackTeam "Bayern"]
[WhiteTeamCountry "GER"]
[BlackTeamCountry "GER"]
[TimeControl "30/5400+30:0"]

1. c4 Nf6 2. Nc3 g6 3. Nf3 Bg7 4. g3 O-O 5. d4 c5 6. Bg2 cxd4 7. Nxd4 Qc7 8. Nd5 Nxd5 9. cxd5 Qa5+ 10. Bd2 Qb6 11. Bc3 e5 12. Nb3 d6 13. O-O Bd7 14. Nd2 Rc8 15. Qb3 Bb5 16. Rfe1 Nd7 17. Ne4 Bf8 18. Qa3 a5 1-0

[Event "GER-chT Youth Countries 2020"]
[Site "Berlin"]
[Date "2020.09.30"]
[Round "2"]
[White "Stelmaszyk, Nico"]
[Black "Haack, Kevin"]
[Result "1-0"]
[ECO "B22"]
[WhiteElo "2301"]
[BlackElo "2209"]
[Annotator "ChessBase"]
[PlyCount "49"]
[EventDate "2020.09.30"]
[EventType "team-tourn"]
[EventRounds "7"]
[EventCountry "GER"]
[SourceTitle "playchess.com"]
[Source "ChessBase"]
[SourceQuality "1"]
[WhiteTeam "Niedersachsen"]
[BlackTeam "Hessen"]
[WhiteTeamCountry "GER"]
[BlackTeamCountry "GER"]
[TimeControl "30/5400+30:0"]

1. e4 c5 2. c3 Nf6 3. e5 Nd5 4. d4 cxd4 5. Nf3 e6 6. cxd4 d6 7. Bc4 Nc6 8. O-O Be7 9. Qe2 O-O 10. Qe4 Ndb4 11. exd6 Qxd6 12. Bf4 Qd7 13. Nc3 Rd8 14. Rfd1 Nd5 15. Ne5 Nxe5 16. Bxe5 b6 17. Bb5 Qb7 18. Nxd5 Rxd5 19. Bd3 f5 20. Qe3 Rd8 21. Qg3 Bf8 22. Rac1 Qe7 23. Be2 Bb7 24. Rc7 Rd7 25. Rdc1 1-0

[Event "GER-chT Youth Countries 2020"]
[Site "Berlin"]
[Date "2020.09.30"]
[Round "2"]
[White "Pubantz, Jan"]
[Black "Nothnagel, Marian Can"]
[Result "1/2-1/2"]
[ECO "E92"]
[WhiteElo "2295"]
[BlackElo "2355"]
[Annotator "ChessBase"]
[PlyCount "98"]
[EventDate "2020.09.30"]
[EventType "team-tourn"]
[EventRounds "7"]
[EventCountry "GER"]
[SourceTitle "playchess.com"]
[Source "ChessBase"]
[SourceQuality "1"]
[WhiteTeam "Niedersachsen"]
[BlackTeam "Hessen"]
[WhiteTeamCountry "GER"]
[BlackTeamCountry "GER"]
[TimeControl "30/5400+30:0"]

1. d4 Nf6 2. c4 g6 3. Nc3 Bg7 4. e4 d6 5. Nf3 O-O 6. Be2 e5 7. Be3 Nbd7 8. d5 Nc5 9. Nd2 a5 10. a3 h5 11. f3 a4 12. Bxc5 dxc5 13. Nxa4 b6 14. Qc2 h4 15. O-O-O Nh5 16. Nc3 Bd7 17. Kb1 Bh6 18. g3 Qg5 19. Rhg1 Qe3 20. f4 hxg3 21. Bxh5 gxh2 22. Rge1 Qh3 23. Be2 Bxf4 24. Qd3 Qh6 25. Bf3 Kg7 26. Ne2 Bg5 27. Rh1 Ba4 28. b3 Bxd2 29. Qxd2 Qxd2 30. Rxd2 Bxb3 31. Kb2 Bxc4 32. Rxh2 b5 33. Rc2 Ra6 34. Nc1 Rfa8 35. Be2 Bxe2 36. Rhxe2 c4 37. Rc3 Rf6 38. Na2 c5 39. dxc6 Rxc6 40. Rd2 Rf6 41. Nb4 Rf4 42. Re3 c3+ 43. Rxc3 Rxe4 44. Rd5 g5 45. Rxb5 g4 46. Kb3 Kg6 47. a4 f5 48. Nd3 Rexa4 49. Nxe5+ Kg5 1/2-1/2

[Event "GER-chT Youth Countries 2020"]
[Site "Berlin"]
[Date "2020.09.30"]
[Round "2"]
[White "Schneider, Jana"]
[Black "Koelle, Tobias"]
[Result "0-1"]
[ECO "B90"]
[WhiteElo "2270"]
[BlackElo "2275"]
[Annotator "ChessBase"]
[PlyCount "140"]
[EventDate "2020.09.30"]
[EventType "team-tourn"]
[EventRounds "7"]
[EventCountry "GER"]
[SourceTitle "playchess.com"]
[Source "ChessBase"]
[SourceQuality "1"]
[WhiteTeam "Bayern"]
[BlackTeam "Württemberg"]
[WhiteTeamCountry "GER"]
[BlackTeamCountry "GER"]
[TimeControl "30/5400+30:0"]

1. e4 c5 2. Nf3 d6 3. d4 cxd4 4. Nxd4 Nf6 5. Nc3 a6 6. Be3 e5 7. Nf3 Be7 8. Bc4 O-O 9. O-O Be6 10. Bb3 b5 11. Qd3 Nc6 12. Bg5 Qc7 13. Bxf6 Bxf6 14. Nd5 Bxd5 15. Qxd5 Ne7 16. Qd3 Rfd8 17. c3 Qc5 18. Rfd1 a5 19. a3 Ra7 20. Bd5 Rc7 21. Ne1 Qb6 22. Qb1 g6 23. Qa2 Nxd5 24. Rxd5 Rc4 25. Qb1 Rc5 26. Qd3 Rxd5 27. Qxd5 h5 28. Rd1 Kf8 29. Qb3 Rb8 30. Rd5 Ke7 31. h3 Rb7 32. Nc2 Bg5 33. Ne1 Qc6 34. Qc2 Qc4 35. Qd3 Qxd3 36. Nxd3 a4 37. Kf1 Ke6 38. Ke2 f5 39. f3 Rb8 40. Kd1 Be3 41. Kc2 Rb6 42. b3 Kf6 43. bxa4 bxa4 44. Ra5 Kg5 45. Rxa4 Rb8 46. exf5 gxf5 47. Nb4 Rg8 48. Kd3 Bc5 49. Nd5 Rb8 50. h4+ Kg6 51. Ne3 Rb2 52. Ra6 e4+ 53. fxe4 fxe4+ 54. Kxe4 Re2 55. Kf4 Rxe3 56. Rxd6+ Bxd6+ 57. Kxe3 Kf5 58. Kf3 Bxa3 59. c4 Bc5 60. Kg3 Bd4 61. Kf3 Bg1 62. Ke2 Kg4 63. g3 Kxg3 64. Kf1 Bc5 65. Ke2 Kxh4 66. Kf3 Kh3 67. Kf4 h4 68. Kf3 Kh2 69. Kg4 h3 70. Kh4 Kg2 0-1

[Event "GER-chT Youth Countries 2020"]
[Site "Berlin"]
[Date "2020.09.30"]
[Round "2"]
[White "Yi, Danny"]
[Black "Kolb, Tobias"]
[Result "1-0"]
[ECO "B11"]
[WhiteElo "2266"]
[BlackElo "2268"]
[Annotator "ChessBase"]
[PlyCount "81"]
[EventDate "2020.09.30"]
[EventType "team-tourn"]
[EventRounds "7"]
[EventCountry "GER"]
[SourceTitle "playchess.com"]
[Source "ChessBase"]
[SourceQuality "1"]
[WhiteTeam "Württemberg"]
[BlackTeam "Bayern"]
[WhiteTeamCountry "GER"]
[BlackTeamCountry "GER"]
[TimeControl "30/5400+30:0"]

1. e4 c6 2. Nf3 d5 3. Nc3 Bg4 4. h3 Bxf3 5. Qxf3 e6 6. d3 d4 7. Nb1 Bb4+ 8. c3 Ba5 9. Qg3 Qf6 10. b4 Bb6 11. c4 a5 12. b5 a4 13. Bd2 Nd7 14. Be2 Qg6 15. Qxg6 hxg6 16. O-O Ne7 17. Na3 Bc5 18. Nc2 cxb5 19. cxb5 Nc8 20. Rab1 Nd6 21. Bb4 b6 22. Nxd4 Nxe4 23. Nxe6 fxe6 24. dxe4 Bxb4 25. Rxb4 Ke7 26. Rd1 Nc5 27. Rbd4 g5 28. f3 Rhc8 29. Kf2 a3 30. Ke3 Na4 31. Rd7+ Kf6 32. h4 Rc3+ 33. R1d3 gxh4 34. f4 Kg6 35. R7d6 Kf7 36. Rxc3 Nxc3 37. Bc4 Ra4 38. Bxe6+ Ke7 39. Rxb6 Nxe4 40. Bb3 Rb4 41. Re6+ 1-0